 Dungeon Crawl Stone Soup version 0.26-a0-490-gf8362a0c98 (webtiles) character file.

Game seed: 2912262374283940688

79 ANON1729 the Sneak (level 4, -22/44 HPs)
             Began as a Naga Delver on Aug 4, 2020.
             Annihilated by an orc warrior
             ... wielding a +0 long sword
              (24 damage)
             ... on level 6 of the Dungeon.
             The game lasted 00:02:14 (1112 turns).

ANON1729 the Sneak (Naga Delver)                    Turns: 1112, Time: 00:02:14

Health: -22/44     AC:  2    Str: 15    XL:     4   Next: 37%
Magic:  4/4        EV: 10    Int: 10    God:
Gold:   47         SH:  0    Dex: 13    Spells: 3/3 levels left

rFire    . . .     SeeInvis +   a - +0 falchion
rCold    . . .     Faith    .   (no shield)
rNeg     . . .     Spirit   .   b - +0 leather armour
rPois    +         Reflect  .   (no helmet)
rElec    .         Harm     .   (no cloak)
rCorr    .                      (no gloves)
MR       .....                  (no barding)
Stlth    +++.......             (no amulet)
HPRegen  0.14/turn              (no ring)
MPRegen  0.09/turn              (no ring)

@: hasted, quick
A: large, see invisible, deformed body, poison resistance, slowness 2, spit
poison 1, AC +1
a: Spit Poison


You were on level 6 of the Dungeon.
You visited 1 branch of the dungeon, and saw 3 of its levels.

You collected 47 gold pieces.

Inventory:

Hand Weapons
 a - a +0 falchion (weapon)
Armour
 b - a +0 leather armour (worn)
Jewellery
 k - an uncursed ring of wizardry {unknown}
Wands
 g - a wand of digging (3)
Scrolls
 c - a scroll of fog
 d - a scroll of magic mapping
 e - 2 scrolls of fear
 h - a scroll of identify {unknown}
 i - a scroll of blinking {unknown}
 j - a scroll of vulnerability {unknown}


   Skills:
 * Level 3.7 Fighting
 * Level 2.9 Long Blades
 + Level 2.1 Dodging
 + Level 7.8 Stealth


You had 3 spell levels left.
You didn't know any spells.
Your spell library was empty.

Dungeon Overview and Level Annotations

Branches:
Dungeon (7/15)
 Temple: D:4-7

Altars:

Annotations:
D:5 exclusion: sky beast, Sigmund
D:7 Prince Ribbit


Innate Abilities, Weirdness & Mutations

You cannot wear boots.
Your serpentine skin is tough. (AC +1)
You have supernaturally acute eyesight. (SInv)
Armour fits poorly on your strangely shaped body.
Your system is resistant to poisons. (rPois)
You cover ground very slowly.
You can spit poison.


Message History

Unknown command.
There is a stone staircase leading down here.
You climb downwards.
An orc, an orc warrior, 2 orc wizards and a skeleton come into view.
Found 21 stones, 14 gold pieces and a robe.
Found a stone staircase leading up.
There is a stone staircase leading up here.
Prince Ribbit comes into view.
The orc wizard shouts! x2; You hear a shout!
Found a murky orange potion.
There is a stone staircase leading up here.
You climb upwards.
There is a stone staircase leading down here.
You closely miss the orc warrior.
The orc warrior hits you with a +0 long sword!
* * * LOW HITPOINT WARNING * * *
You closely miss the orc warrior.
The orc warrior hits you with a +0 long sword!!
Ouch! That really hurt!
You die...

### #.# ##.# .
#..#
.##########..###
...............##
..........###...##
.....[...##
##...###
........##
##.o@..##
...##..##
#.......# ......##
#.......# ...#.##
#..<[...# ..#..#
##......# .#..##
##.....# #..##
###...# ..## #####
.##


You could see an orc warrior.

Vanquished Creatures
  A bullfrog (D:6)
  A worker ant zombie (D:6)
  A worm (D:6)
  An orc (D:6)
  A quokka skeleton (D:6)
5 creatures vanquished.

Notes
Turn   | Place    | Note
-------+----------+-------------------------------------------
     0 | D:5      | ANON1729 the Naga Delver began the quest for the Orb.
     0 | D:5      | Reached XP level 1. HP: 21/21 MP: 1/1
    36 | D:5      | Noticed a sky beast
    75 | D:5      | Noticed Sigmund
   292 | D:6      | HP: 1/21 [worker ant zombie (4)]
   294 | D:6      | Reached XP level 2. HP: 2/28 MP: 2/2
  1080 | D:6      | Noticed a bullfrog
  1082 | D:6      | Noticed an ice beast
  1094 | D:6      | Killed a bullfrog
  1094 | D:6      | Reached XP level 3. HP: 8/36 MP: 3/3
  1094 | D:6      | Reached XP level 4. HP: 10/44 MP: 4/4
  1105 | D:7      | Noticed an orc warrior
  1107 | D:7      | Noticed Prince Ribbit
  1111 | D:6      | HP: 2/44 [orc warrior/+0 long sword (10)]
  1112 | D:6      | Annihilated by an orc warrior

Illustrated notes

Levels and vault maps discovered:
D:5:      layout_basic, uniq_sigmund
D:6:      layout_cave_pods
D:7:      layout_rooms, grunt_ministairs_1, uniq_duvessa, uniq_prince_ribbit1,
          uniq_harold

Skill      XL: |  1  2 |
---------------+-------+-----
Dodging        | 2 |  2.1
Fighting       | |  3.7
Long Blades    | |  2.9
Stealth        | |  7.8

Action                   |  1- 3 |  4- 6 || total
-------------------------+-------+-------++-------
Melee: Falchion          |    35 |     2 ||    37
 Abil: Spit Poison       |     5 |       ||     5
  Use: Potion            |     1 |       ||     1
 Stab: Sleeping          |     1 |       ||     1
Armor: Leather armour    |     6 |       ||     6
Dodge: Dodged            |    17 |       ||    17
       Rpst.: Falchion   |     6 |       ||     6

Table legend: (Time is in decaauts)
 A = Elapsed time spent in this place.
 B = Non-inter-level travel time spent in this place.
 C = Inter-level travel time spent in this place.
 D = Time resting spent in this place.
 E = Time spent auto-exploring this place.
 F = Levels seen in this place.
 G = Mean time per level.
                   A        B        C        D        E       F      G
               +--------+--------+--------+--------+--------+-----+--------+
         Total |   1278 |   1278 |      0 |    626 |    535 |   3 |  426.0 |
       Dungeon |   1278 |   1278 |      0 |    626 |    535 |   3 |  426.0 |
               +--------+--------+--------+--------+--------+-----+--------+

Top non-repeatable levels by time:
     D:6: 1160 daAuts
     D:5: 114 daAuts
     D:7: 4 daAuts
